 Dungeon Crawl Stone Soup version 0.17.0-23-g0de4337 (webtiles) character file.

17665 ololoev the Destroyer (level 12, -4/79 HPs)
             Began as an Octopode Earth Elementalist on Nov 13, 2015.
             Was an Elder of Vehumet.
             Slain by a black mamba (11 damage)
             ... on level 11 of the Dungeon.
             The game lasted 00:50:48 (15729 turns).

ololoev the Destroyer (OpEE)                       Turns: 15729, Time: 00:50:48

Health: -4/79      AC:  4    Str:  7    XL:     12   Next: 50%
Magic:  15/25      EV: 15    Int: 23    God:    Vehumet [****..]
Gold:   765        SH:  0    Dex: 16    Spells: 4 memorised, 19 levels left

rFire  + . .     SeeInvis .     b - +7 rapier "Apoll" {holy, rF+ Int+2 Dex+2 Stlth-}
rCold  . . .     Clarity  .     (no shield)
rNeg   . . .     SustAt   .     s - +2 hat
rPois  .         Gourm    .     (no amulet)
rElec  .         Spirit   .     (no ring)
rCorr  .         Warding  .     (no ring)
rMut   .         Stasis   .     (no ring)
MR     .....                    (no ring)
Stlth  ++........               (no ring)
                                (no ring)
                                (no ring)
                                (no ring)

@: lethally poisoned (-4 -> -21), not resistant to hostile enchantments,
unstealthy
A: almost no armour, amphibious, 8 rings, constrict 8, rugged brown scales 1,
camouflage 1, gelatinous body 1
a: Renounce Religion


Innate Abilities, Weirdness & Mutations

You cannot wear most types of armour.
You are amphibious.
You can wear up to eight rings at the same time.
You can use your tentacles to constrict eight enemies at once.
Your skin changes colour to match your surroundings (Stealth).
Your rubbery body absorbs attacks (AC +1).
You are partially covered in rugged brown scales (AC +1, +3% HP).

Inventory:

Hand Weapons
 b - the +7 rapier "Apoll" (weapon) {holy, rF+ Int+2 Dex+2 Stlth-}
   (You found it on level 4 of the Dungeon)

   It has been blessed by the Shining One to cause great damage to the undead
   and demons.
   It affects your intelligence (+2).
   It affects your dexterity (+2).
   It protects you from fire.
   It makes you less stealthy.
 J - the +6 mace of Corporal Punishment {drain, Dex+4 SInv}
   (You found it on level 11 of the Dungeon)

   A truly terrible weapon, it drains the life of those it strikes.
   It affects your dexterity (+4).
   It lets you see invisible.
Missiles
 z - 89 stones (quivered)
Armour
 s - a +2 hat (worn)
Magical Staves
 a - an uncursed staff of power
Jewellery
 B - an uncursed ring of ice
Wands
 m - a wand of digging (18)
 A - a wand of disintegration (11)
Scrolls
 d - a scroll of recharging
 e - a scroll of holy word
 h - 3 scrolls of enchant armour
 k - a scroll of magic mapping {unknown}
 n - a scroll of teleportation
 r - 6 scrolls of remove curse
 G - a scroll of amnesia
Potions
 f - a potion of ambrosia {unknown}
 g - 2 potions of magic
 i - a potion of cure mutation
 l - 2 potions of agility
 q - a potion of heal wounds
 u - a potion of berserk rage {unknown}
 x - 2 potions of curing
 C - a potion of invisibility
 E - a potion of resistance
 F - 7 potions of brilliance
 H - a potion of might {unknown}
Books
 j - a book of Geomancy

   Spells                             Type                      Level
   a - Sandblast                      Earth                        1
   b - Stoneskin                      Transmutation/Earth          2
   c - Passwall                       Transmutation/Earth          3
   d - Stone Arrow                    Conjuration/Earth            3
   e - Petrify                        Transmutation/Earth          4
   f - Lee's Rapid Deconstruction     Earth                        5
 v - a Necronomicon

   Spells                             Type                      Level
   a - Haunt                          Necromancy/Summoning         7
   b - Borgnjor's Revivification      Necromancy                   8
   c - Death's Door                   Charms/Necromancy            8
   d - Necromutation                  Transmutation/Necromancy     8
Miscellaneous
 t - a fan of gales
Comestibles
 c - 8 bread rations
 o - a chunk of flesh
 p - 2 slices of pizza
 w - 4 fruits


   Skills:
 * Level 5.3 Fighting
 * Level 5.5 Dodging
 - Level 2.6 Stealth
 + Level 9.0 Spellcasting
 * Level 12.9 Conjurations
   Level 1.0 Transmutations
 - Level 9.7 Earth Magic
 + Level 2.2 Evocations


You had 19 spell levels left.
You knew the following spells:

 Your Spells              Type           Power        Failure   Level  Hunger
a - Sandblast             Erth           ######       1%          1    None
b - Stone Arrow           Conj/Erth      ######       1%          3    None
c - Apportation           Tloc           ##........   10%         1    None
d - Lee's Rapid Deconstr  Erth           ######....   1%          5    ####...


You were on level 11 of the Dungeon.
You worshipped Vehumet.
Vehumet was greatly pleased with you.
You were not hungry.

You visited 4 branches of the dungeon, and saw 15 of its levels.

You collected 975 gold pieces.
You spent 210 gold pieces at shops.

#.####........P....PP............
#.# ##.......P.PP..P............
#.# #....P..P.PPPP.............
#†# ###......P..P.....P..........
#.# #......PPPP..P..PP...........
#.# #....P.PPP....PPPPP..........
#.###......PPP..P...P............
#.##.....P.PP.P.PSP...P.P........
#.##.......P.P.P@PP.PPP.P........
#.##......PPP..P..P.P.[.P........
#.##.........P.PP..P..P..........
#.##.......P.PP.P.P.PPP..........
#.##........P..P.).PPP.....!.....
#.##.........P.PP...P............
#.##....<.....P...PP.............
#.##.#'#'#..P..P.PP..P...........
#.##.#.#.#...P..........)........

Notes
Turn   | Place    | Note
--------------------------------------------------------------
     0 | D:1      | ololoev the Octopode Earth Elementalist began the quest for the Orb.
     0 | D:1      | Reached XP level 1. HP: 11/11 MP: 3/3
   232 | D:1      | Reached XP level 2. HP: 6/17 MP: 0/5
   844 | D:2      | Found a bloodstained altar of Trog.
   911 | D:2      | Reached XP level 3. HP: 21/21 MP: 5/7
   916 | D:2      | Learned a level 3 spell: Stone Arrow
  1316 | D:2      | Reached skill level 1 in Conjurations
  1339 | D:2      | Found an iron altar of Okawaru.
  2018 | D:2      | Reached XP level 4. HP: 27/27 MP: 2/8
  2382 | D:3      | Reached skill level 4 in Earth Magic
  2854 | D:3      | Reached XP level 5. HP: 31/31 MP: 9/9
  2940 | D:3      | Found a shimmering altar of Xom.
  2941 | D:3      | Found a snail-covered altar of Cheibriados.
  3004 | D:4      | Found Oroa's Food Boutique.
  3136 | D:4      | Found an iron altar of Okawaru.
  3137 | D:4      | Found a burning altar of Makhleb.
  3427 | D:4      | Reached XP level 6. HP: 36/36 MP: 5/11
  3731 | D:4      | Noticed Karnex's ghost (amateur DENe)
  4075 | D:5      | Entered Level 5 of the Dungeon
  4260 | D:5      | Reached XP level 7. HP: 37/41 MP: 8/12
  4339 | D:5      | Found a burning altar of Makhleb.
  4339 | D:5      | Noticed a green death
  4342 | D:5      | Noticed an orange demon
  4342 | D:5      | Noticed a neqoxec
  4417 | D:5      | Reached skill level 5 in Earth Magic
  4637 | D:5      | Reached skill level 5 in Conjurations
  5124 | D:5      | Reached XP level 8. HP: 46/46 MP: 10/14
  5139 | D:5      | Gained mutation: You are partially covered in rugged brown scales (AC +1, +3% HP). [mutagenic meat]
  5412 | D:6      | Reached skill level 6 in Conjurations
  5585 | D:6      | Noticed Uberwunderbarhen's ghost (novice DEFE)
  6039 | D:4      | Got a crude rapier
  6040 | D:4      | Identified the +7 rapier "Apoll" {holy, rF+ Int+2 Dex+2 Stlth-} (You found it on level 4 of the Dungeon)
  6093 | D:4      | Killed Karnex's ghost
  6093 | D:4      | Reached skill level 5 in Spellcasting
  6760 | D:6      | Found Lutz's Magic Scroll Boutique.
  6847 | D:6      | Killed Uberwunderbarhen's ghost
  6847 | D:6      | Reached skill level 7 in Conjurations
  6847 | D:6      | Reached XP level 9. HP: 52/52 MP: 1/17
  6963 | D:6      | Bought a scroll of holy word for 105 gold pieces
  6963 | D:6      | Bought a scroll of silence for 105 gold pieces
  7102 | D:6      | Found an ancient bone altar of Kikubaaqudgha.
  7410 | D:7      | Reached skill level 8 in Conjurations
  7608 | D:7      | Found a staircase to the Ecumenical Temple.
  7615 | Temple   | Entered the Ecumenical Temple
  7622 | Temple   | Became a worshipper of Vehumet
  8757 | D:8      | Noticed Pikel
  8864 | D:8      | Killed Pikel
  8864 | D:8      | Reached skill level 9 in Conjurations
  9257 | D:8      | Reached XP level 10. HP: 57/57 MP: 14/20
  9382 | D:8      | Reached * piety under Vehumet
  9382 | D:8      | Offered knowledge of Magic Dart by Vehumet.
  9521 | D:9      | Noticed Gastronok
  9558 | D:9      | Reached skill level 10 in Conjurations
 10057 | D:9      | Learned a level 1 spell: Apportation
 10603 | D:9      | Killed Gastronok
 10603 | D:9      | Reached skill level 11 in Conjurations
 10603 | D:9      | Reached XP level 11. HP: 34/62 MP: 1/22
 10900 | D:9      | Offered knowledge of Sting by Vehumet.
 10977 | D:9      | Reached ** piety under Vehumet
 11282 | D:10     | Entered Level 10 of the Dungeon
 12315 | D:10     | Noticed Erica
 12320 | D:10     | Killed Erica
 12320 | D:10     | Reached skill level 1 in Fighting
 12403 | D:10     | Reached skill level 12 in Conjurations
 12494 | D:10     | Offered knowledge of Searing Ray by Vehumet.
 12712 | D:11     | Reached *** piety under Vehumet
 12757 | D:11     | Found a staircase to the Lair.
 12996 | D:11     | Learned a level 5 spell: Lee's Rapid Deconstruction
 13301 | D:11     | Noticed a wizard
 13303 | D:11     | Killed a wizard
 13341 | D:11     | Noticed a wizard
 13348 | D:11     | Killed a wizard
 13551 | D:11     | Offered knowledge of Olgreb's Toxic Radiance by Vehumet.
 13610 | D:11     | Found a staircase to the Orcish Mines.
 13728 | D:11     | Found a snail-covered altar of Cheibriados.
 14082 | D:11     | Reached XP level 12. HP: 76/76 MP: 21/24
 14211 | D:11     | Noticed a wizard
 14219 | D:11     | Killed a wizard
 14219 | D:11     | Reached skill level 1 in Evocations
 14313 | D:11     | Noticed a wizard
 14320 | D:11     | Killed a wizard
 14604 | D:11     | Noticed a wizard
 14612 | D:11     | Killed a wizard
 14618 | D:11     | Got a fine mace
 14619 | D:11     | Identified the +6 mace of Corporal Punishment {drain, Dex+4 SInv} (You found it on level 11 of the Dungeon)
 14644 | D:11     | Noticed a wizard
 14649 | D:11     | Killed a wizard
 14649 | D:11     | Reached **** piety under Vehumet
 14649 | D:11     | Reached skill level 5 in Dodging
 14656 | D:11     | Identified the Guide on the Shifting Glacier
 14877 | Orc:1    | Entered Level 1 of the Orcish Mines
 15017 | Orc:2    | Noticed Rupert
 15073 | Lair:1   | Entered Level 1 of the Lair of Beasts
 15074 | Lair:1   | Offered knowledge of Iskenderun's Battlesphere by Vehumet.
 15583 | Lair:1   | Reached skill level 5 in Fighting
 15729 | D:11     | Slain by a black mamba

Dungeon Overview and Level Annotations

Branches:
Dungeon (11/15)            Temple (1/1) D:7            Lair (1/8) D:11
    Orc (2/4) D:11

Altars:
Ashenzari
Cheibriados
Fedhas
Gozag
Kikubaaqudgha
Makhleb
Nemelex Xobeh
Okawaru
Sif Muna
Trog
Vehumet
Xom
Zin

Shops:
D:4 %   D:6 ?

Annotations:
D:5 1 exclusion
Orc:2 Rupert


Message History

You feel your power returning. The black mamba closely misses you.
The black mamba bites you! The yak gores you.
You climb upwards.
Welcome back to the Dungeon!
There is a staircase to the Lair, spattered with blood here.
You feel your magic capacity decrease.
It softly glows with a divine radiance!
b - the +7 rapier "Apoll" (weapon)
{holy, rF+ Int+2 Dex+2 Stlth-}
Casting: Stone Arrow
Confirm with . or Enter, or press ? or * to list all spells.
Aiming: Sandblast
Press: ? - help, Shift-Dir - straight line, f - black mamba
Aim: a black mamba The blast of sand hits the black mamba.
The black mamba barely misses you. The black mamba bites you!
You are poisoned.
The black mamba poisons you!
Casting: Sandblast
Confirm with . or Enter, or press ? or * to list all spells.
Aiming: Sandblast
Press: ? - help, Shift-Dir - straight line, f/p - black mamba
Aim: a black mamba The blast of sand hits the black mamba.
You feel sick. The black mamba barely misses you. The black mamba bites you.
Casting: Sandblast
Confirm with . or Enter, or press ? or * to list all spells.
Aiming: Sandblast
Press: ? - help, Shift-Dir - straight line, f/p - black mamba
Aim: a black mamba The blast of sand hits the black mamba.
You feel sick. The black mamba bites you!
You are more poisoned.
The black mamba poisons you! The black mamba misses you.
Casting: Sandblast
Confirm with . or Enter, or press ? or * to list all spells.
Aiming: Sandblast
Press: ? - help, Shift-Dir - straight line, f/p - black mamba
Aim: a black mamba The blast of sand hits the black mamba.
You feel sick. The black mamba bites you! x2
You die...

You could see a black mamba.

Vanquished Creatures
  Gastronok (D:9)
  Erica (D:10)
  A hill giant (D:11)
  The ghost of Uberwunderbarhen the Arsonist, a novice DEFE of Vehumet (D:6)
  Pikel (D:8)
  5 wizards (D:11)
  An ugly thing (D:11)
  A troll (D:10)
  A two-headed ogre (D:10)
  3 blink frogs (Lair:1)
  A wyvern (D:10)
  A deep elf mage (D:11)
  13 yaks
  5 hippogriffs
  3 wolves
  3 water moccasins
  2 orc warriors
  The ghost of Karnex the Grave Robber, an amateur DENe of Ru (D:4)
  An eye of draining (D:10)
  3 black bears
  4 porcupines (D:10)
  3 sky beasts
  A slave (D:8)
  2 necrophages
  5 ice beasts
  3 boggarts (D:11)
  7 ogres
  2 crocodiles (Lair:1)
  11 centaurs
  A big kobold (D:9)
  3 giant frogs
  3 scorpions
  10 killer bees
  2 centaur zombies
  6 crimson imps
  A giant frog zombie (D:8)
  8 orc wizards
  8 orc priests
  3 giant frog skeletons
  A hound (D:11)
  3 jellies
  4 iguanas
  10 worker ants
  A killer bee zombie (D:6)
  3 hound zombies
  A worker ant zombie (D:9)
  9 river rats
  11 adders
  An adder skeleton (D:4)
  2 adder zombies
  11 giant geckos
  42 orcs
  2 ball pythons
  7 giant cockroaches
  4 goblins
  6 hobgoblins
  7 jackals
  9 kobolds
  4 quokkas
  7 bats
  A giant gecko zombie (D:7)
  3 giant newts
  2 quokka skeletons
  6 rats
  A fungus (D:5)
290 creatures vanquished.

Vanquished Creatures (others)
  A wizard (D:11)
  A slave (D:8)
  A giant frog (D:8)
  An adder (D:8)
  18 fungi (D:11)
22 creatures vanquished.

Grand Total: 312 creatures vanquished

Action                   |  1- 3 |  4- 6 |  7- 9 | 10-12 || total
-------------------------+-------+-------+-------+-------++-------
Melee: Dagger            |    42 |    44 |    37 |       ||   123
       Unarmed           |     4 |       |       |       ||     4
       Rapier            |       |       |     3 |    12 ||    15
       Staff             |       |       |       |     4 ||     4
Throw: Stone             |       |       |       |     1 ||     1
 Cast: Sandblast         |    22 |    45 |   115 |   173 ||   355
       Stone Arrow       |       |       |    37 |   170 ||   207
       Lee's Rapid Decon |       |       |       |     2 ||     2
Evoke: Wand              |       |       |       |     4 ||     4
  Use: Scroll            |       |       |    21 |     4 ||    25
       Potion            |       |       |     4 |     5 ||     9
 Stab: Sleeping          |     7 |     6 |     2 |     1 ||    16
  Eat: Chunk             |     2 |     3 |    11 |    12 ||    28
       Meat ration       |       |     1 |       |     1 ||     2
       Royal jelly       |       |       |     1 |       ||     1
       Beef jerky        |       |       |     1 |       ||     1
       Fruit             |       |       |     3 |     5 ||     8

Vault maps used:
D:1:      scummos_arrival_simple_fountains
D:2:      lemuel_doored_altar, okawaru_trees_2
D:3:      gammafunk_temple_overflow_statue, first_bread
D:4:      grunt_temple_overflow_open, serial_bayou, serial_bayou_pond_a,
          serial_bayou_ford_a, serial_bayou_shore_b, serial_bayou_shore_b,
          serial_bayou_pond_e, serial_shops, shop
D:5:      makhleb_altar_promises_db, uniq_crazy_yiuf_cottage
D:6:      old_standard_altar, serial_shops, nicolae_shop_crystal
D:7:      serial_glass, glass_columns_c, glass_columns_b,
          kennysheep_generic_room_7
D:8:      uniq_pikel
D:9:      uniq_gastronok
D:10:     wad_woods_tower, grunt_ministairs_15, uniq_erica
D:11:     minmay_smoke_and_mirrors, due_lair_maze_entry_diamond,
          hiddenorc1_lemuel, basic_altar, glass_columns_c
Temple:   circular_temple_13
Lair:1:   basic_altar
Orc:2:    rock_pile, uniq_rupert
